 Dungeon Crawl Stone Soup version 0.22-a0-525-gf69a080 (webtiles) character file.

225 pk666 the Magician (level 5, 0/28 HPs)
             Began as a Deep Elf Fire Elementalist on June 22, 2018.
             Killed by nerve-wracking pain
             ... invoked by an orc priest
              (13 damage)
             ... on level 4 of the Dungeon.
             The game lasted 00:07:19 (3258 turns).

pk666 the Magician (Deep Elf Fire Elementalist)     Turns: 3258, Time: 00:07:20

Health: 0/28       AC:  4    Str:  5    XL:     5   Next: 68%
Magic:  11/14      EV: 12    Int: 21    God:
Gold:   123        SH:  0    Dex: 15    Spells: 5/13 levels left

rFire    . . .     SeeInvis .   o - staff of air
rCold    . . .     Gourm    .   (no shield)
rNeg     . . .     Faith    +   a - +0 robe
rPois    .         Spirit   .   (no helmet)
rElec    +         Reflect  .   (no cloak)
rCorr    .         Harm     .   (no gloves)
MR       .....                  p - +1 pair of boots
Stlth    ++........             d - amulet of faith
HPRegen  0.09/turn              (no ring)
MPRegen  0.14/turn              (no ring)

@: drained
A: no striking features
a: no special abilities


You were on level 4 of the Dungeon.
You were very hungry.

You visited 1 branch of the dungeon, and saw 4 of its levels.

You collected 123 gold pieces.

Inventory:

Armour
 a - a +0 robe (worn)
 p - a +1 pair of boots (worn)
Magical Staves
 o - an uncursed staff of air (weapon)
Jewellery
 d - an amulet of faith (around neck)
 j - an uncursed amulet of harm
Scrolls
 b - 2 scrolls of identify {unknown}
 f - 3 scrolls of immolation {unknown}
 g - a scroll of amnesia {unknown}
 h - 4 scrolls of teleportation {unknown}
 l - 3 scrolls of remove curse {unknown}
 n - a scroll of blinking {unknown}
Potions
 e - a potion of lignification
 i - a potion of flight
 k - a potion of curing
 m - a potion of cancellation {unknown}
Comestibles
 c - 6 rations


   Skills:
 - Level 2.4(1.4) Dodging
 - Level 2.4(1.4) Stealth
 + Level 4.8(3.8) Spellcasting
 + Level 4.4(3.4) Conjurations
 + Level 4.5(3.5) Fire Magic


You had 5 spell levels left.
You knew the following spells:

 Your Spells              Type           Power        Failure   Level  Hunger
a - Flame Tongue          Conj/Fire      ###..        3%          1    None
b - Sticky Flame          Conj/Fire      ###.....     28%         4    ####...
c - Conjure Flame         Conj/Fire      ###.....     9%          3    ###....

Your spell library contained the following spells:

 Spells                   Type           Power        Failure   Level  Hunger
 Fireball                 Conj/Fire      ###.......   63%         5    ######.
 Throw Flame              Conj/Fire      ###...       4%          2    ##.....
 Inner Flame              Hex/Fire       ##......     19%         3    ###....


Dungeon Overview and Level Annotations

Branches:
Dungeon (4/15)
 Temple: D:4-7

Altars:
Sif Muna


Message History

The orc priest is moderately wounded.
Casting: Flame Tongue (safe; 3% risk of failure)
Confirm with . or Enter, or press ? or * to list all spells.
Aiming: Flame Tongue (safe; 3% risk of failure)
Press: ? - help, Shift-Dir - straight line, f/p - orc priest
Aim: an orc priest, wielding a club and wearing a ring mail (moderately wounded)
The flame tongue hits the orc priest.
The orc priest is heavily wounded.
The orc priest invokes the aid of Beogh against you.
You struggle to resist.
Casting: Flame Tongue (safe; 3% risk of failure)
Confirm with . or Enter, or press ? or * to list all spells.
Aiming: Flame Tongue (safe; 3% risk of failure)
Press: ? - help, Shift-Dir - straight line, f/p - orc priest
Aim: an orc priest, wielding a club and wearing a ring mail (heavily wounded)
The flame tongue hits the orc priest.
The orc priest appears unharmed.
The orc priest is heavily wounded.
The orc priest mumbles some strange prayers to Beogh against you.
Pain shoots through your body!
You die...

....[..........
.........o..###
####.#......# #.#......#
#........#######
#...............
#.......#### #<#
#####.....#######.#
#.@.o.....#........
#.###.....#........
######.........+........
#.......###.#.##........
#.......#####.##........
#.......'.....##........
#.......########........
#.......# #........
#.......# #####........


You could see an orc priest.

Vanquished Creatures
  A worker ant (D:4)
  Robin (D:2)
  5 adders
  4 gnolls (D:3)
  An ooze (D:1)
  2 worms
  5 dart slugs (D:1)
  3 leopard geckos
  2 orcs (D:3)
  2 ball pythons
  19 goblins
  13 hobgoblins
  A quokka (D:2)
  9 bats
  4 frilled lizards
  6 kobolds
  6 rats
84 creatures vanquished.

Notes
Turn   | Place    | Note
-------+----------+-------------------------------------------
     0 | D:1      | pk666 the Deep Elf Fire Elementalist began the quest for the Orb.
     0 | D:1      | Reached XP level 1. HP: 10/10 MP: 6/6
    84 | D:1      | Reached XP level 2. HP: 14/15 MP: 2/8
   286 | D:1      | Reached XP level 3. HP: 19/19 MP: 3/10
  1031 | D:2      | Reached XP level 4. HP: 21/24 MP: 0/11
  1550 | D:2      | Noticed Robin
  1558 | D:2      | Killed Robin
  1984 | D:3      | Found a deep blue altar of Sif Muna.
  2329 | D:3      | Reached XP level 5. HP: 28/28 MP: 9/13
  2471 | D:3      | Learned a level 4 spell: Sticky Flame
  2475 | D:3      | Learned a level 3 spell: Conjure Flame
  3035 | D:4      | Noticed a phantom
  3258 | D:4      | Killed from afar by an orc priest

Vault maps used:
D:1:      minmay_arrival_plants_in_alcoves
D:2:      cheibrodos_greedy_goblins, first_ration, uniq_robin
D:3:      led_sif_pool
D:4:      tgw_trog, minitemple

Skill      XL: |  1  2  3  4  5 |
---------------+----------------+-----
Conjurations   | 2 3 4 |  4.4
Spellcasting   | 4 |  4.8
Fire Magic     | 4 |  4.5
Dodging        | |  2.4
Stealth        | |  2.4

Action                   |  1- 3 |  4- 6 || total
-------------------------+-------+-------++-------
Melee: Staff             |       |    14 ||    14
 Cast: Flame Tongue      |    60 |    92 ||   152
       Conjure Flame     |       |     2 ||     2
  Use: Potion            |       |     3 ||     3
  Eat: Chunk             |       |     6 ||     6
Armor: Robe              |     2 |    12 ||    14
       Skin              |       |    14 ||    14
Dodge: Dodged            |    16 |    28 ||    44

Table legend:
 A = Spawn XP
 B = Non-spawn XP
 C = Spawn XP percentage of total XP
 D = Spawn monster count
 E = Non-spawn monster count
 F = Spawn count percentage of total count
 G = Total turns spent on level
                    A         B        C        D         E        F      G
               +---------+---------+-------+---------+---------+-------+---------
         Total |       0 |     322 |   0.0 |       0 |      84 |   0.0 |  3258
               +---------+---------+-------+---------+---------+-------+---------
           D:1 |       0 |      59 |   0.0 |       0 |      25 |   0.0 |   803
           D:2 |       0 |      92 |   0.0 |       0 |      35 |   0.0 |   921
           D:3 |       0 |     125 |   0.0 |       0 |      22 |   0.0 |  1259
           D:4 |       0 |      46 |   0.0 |       0 |       2 |   0.0 |   275
               +---------+---------+-------+---------+---------+-------+---------
